 Dungeon Crawl Stone Soup version 0.26.1-11-gd32895ea62 (webtiles) character file.

Game seed: 4808607110559168721

12867 Zeld the Slicer (level 12, -5/80 HPs)
             Began as an Octopode Brigand on May 15, 2021.
             Was a Believer of Fedhas.
             Slain by a troll (9 damage)
             ... on level 11 of the Dungeon.
             The game lasted 00:29:33 (24241 turns).

Zeld the Slicer (Octopode Brigand)                 Turns: 24241, Time: 00:29:34

Health: -5/80      AC:  1    Str: 15    XL:     12   Next: 0%
Magic:  25/25      EV: 15    Int: 13    God:    Fedhas [**....]
Gold:   246        SH:  0    Dex: 14    Spells: 30/30 levels left

rFire    + . .     SeeInvis +   n - +2 dagger (venom)
rCold    . . .     Faith    .   (no shield)
rNeg     . . .     Spirit   .   (helmet restricted)
rPois    .         Reflect  .   y - amulet of regeneration
rElec    .         Harm     .   w - ring of protection from fire
rCorr    .         Rampage  .   i - ring of flight
Will     .....                  l - ring of see invisible
Stlth    +++++.....             (no ring)
HPRegen  0.63/turn              (no ring)
MPRegen  0.19/turn              (no ring)
                                (no ring)
                                (no ring)

@: no status effects
A: almost no armour, stealthy swim, amphibious, 8 rings, constrict 8, camouflage
1, gelatinous body 1
a: Renounce Religion, Evoke Flight, Wall of Briars


You were on level 11 of the Dungeon.
You worshipped Fedhas.
Fedhas was pleased with you.
You visited 3 branches of the dungeon, and saw 14 of its levels.

You collected 609 gold pieces.
You spent 363 gold pieces at shops.

Inventory:

Hand Weapons
 a - a +2 dagger
 n - a +2 dagger of venom (weapon)
 o - a +2 dagger of distortion
 q - a +2 antimagic dagger
 v - a +2 dagger of chaos
Missiles
 b - 93 poisoned darts (quivered)
 c - 2 curare-tipped darts
 B - 5 atropa-tipped darts
Jewellery
 i - a ring of flight (right tentacle)
 l - a ring of see invisible (on tentacle)
 w - a ring of protection from fire (left tentacle)
 y - an amulet of regeneration (around mantle)
Wands
 h - a wand of iceblast (5)
 k - a wand of acid (11)
 m - a wand of flame (9)
 D - a wand of random effects (10)
 I - a wand of polymorph (13)
Scrolls
 d - 6 scrolls of magic mapping
 j - 10 scrolls of remove curse
 s - a scroll of enchant weapon
 C - a scroll of immolation {unknown}
 F - a scroll of enchant armour {unknown}
Potions
 e - 8 potions of heal wounds {unknown}
 f - 3 potions of curing
 g - 2 potions of invisibility {unknown}
 p - 2 potions of cancellation {unknown}
 t - 3 potions of flight {unknown}
 u - a potion of magic {unknown}
 z - 2 potions of mutation {unknown}
 A - 3 potions of attraction {unknown}
 E - 3 potions of brilliance {unknown}
 G - 2 potions of haste
 H - 4 potions of ambrosia {unknown}


   Skills:
 + Level 6.5 Fighting
 - Level 10.0 Short Blades
 - Level 6.0 Throwing
 + Level 4.4 Dodging
 + Level 8.4 Stealth
 - Level 9.6 Spellcasting
 * Level 6.9 Invocations
 * Level 1.6 Evocations


You had 30 spell levels left.
You didn't know any spells.
Your spell library contained the following spells:

 Spells                   Type           Power        Failure   Level
 Animate Skeleton         Necr           12%          12%         1
 Apportation              Tloc           12%          12%         1
 Corona                   Hex            6%           12%         1
 Magic Dart               Conj           24%          12%         1
 Summon Small Mammal      Summ           24%          12%         1
 Searing Ray              Conj           12%          19%         2
 Dazzling Flash           Conj/Hex       12%          34%         3
 Fulminant Prism          Conj/Hex       3%           75%         4
 Iskenderun's Mystic Bla  Conj/Tloc      6%           75%         4


Dungeon Overview and Level Annotations

Branches:
Dungeon (12/15)            Temple (1/1) D:5            Lair (0/6) D:8
    Orc (1/2) D:9

Altars:
Ashenzari
Cheibriados
Dithmenos
Elyvilon
Fedhas
Gozag
Hepliaklqana
Kikubaaqudgha
Makhleb
Nemelex Xobeh
Okawaru
Qazlal
Ru
Sif Muna
Trog
Uskayaw
Vehumet
Wu Jian
Xom
Yredelemnul
Zin
The Shining One

Shops:
D:5 (   D:6 !*


Innate Abilities, Weirdness & Mutations

You cannot wear most types of armour.
You are very stealthy in the water. (Stealth+)
You are amphibious.
You can wear up to eight rings at the same time.
You can use your tentacles to constrict eight enemies at once.
Your skin changes colour to match your surroundings (Stealth+).
Your rubbery body absorbs attacks. (AC +1, EV +1)


Message History

You are too injured to fight recklessly!
You see here a stone.
There is an open door here.
There is an open door here.
The ufetubus disappears in a puff of smoke!
The troll looks more healthy.
You see here an iguana skeleton.
The big kobold throws a stone.
The stone misses you. The troll bites you but does no damage.
The troll claws you! x2
There is a stone staircase leading up, spattered with blood here.
The troll bites you!!
* * * LOW HITPOINT WARNING * * *
The troll closely misses you. The troll claws you!
* * * LOW HITPOINT WARNING * * *
You climb upwards.
There is a stone staircase leading down here.
Okay, then.
The troll bites you!
You die...
Fedhas appreciates your contribution to the ecosystem.

######### ###### #.......# #.....
#.......#########.....
#.......##......'.....
#..........######.....
#...[...#### #...[. #....>T.#
#..... #####@### ###### #...# #
#.### ## #.# ##. #######
###'###### #.. ......# #........#
#######'# #####.#
#........#####.....[..
#...#.######........#...'.[...).[
#.###.'....'....<...#.###.......>


You could see a troll.

Vanquished Creatures
  A two-headed ogre (D:4)
  A death yak (D:7)
  An unseen horror (D:10)
  Pikel (D:5)
  An ugly thing (D:11)
  A gargoyle (D:12)
  Psyche (D:8)
  4 trolls
  Prince Ribbit (D:8)
  Grinder (D:6)
  2 wyverns
  A wraith (D:11)
  12 yaks
  Menkaure (D:4)
  2 steam dragons
  A water moccasin (D:11)
  4 orc warriors
  3 black bears
  5 ice beasts
  A sky beast (D:5)
  A necrophage (D:10)
  9 centaurs
  2 phantoms
  3 ogres
  3 big kobolds
  Blork the orc (D:5)
  9 bullfrogs
  A wyvern skeleton (D:9)
  A scorpion (D:4)
  A water moccasin skeleton (D:4)
  15 killer bees
  A howler monkey (D:10)
  3 bullfrog zombies
  2 centaur zombies
  2 quasits
  2 bullfrog skeletons
  3 hounds
  3 orc priests
  Crazy Yiuf (D:6)
  2 centaur skeletons
  4 jellies
  5 iguanas
  5 worker ants
  4 orc wizards
  A killer bee zombie (D:6)
  A hound zombie (D:8)
  A worker ant zombie (D:6)
  Robin (D:3)
  4 gnolls
  11 adders
  2 river rats (D:8)
  A shadow imp (D:5)
  4 white imps
  3 ufetubi
  An ooze (D:5)
  3 adder skeletons
  2 worms
  4 dart slugs
  3 leopard geckos
  28 orcs
  2 ball pythons
  6 bats
  5 giant cockroaches
  7 hobgoblins
  6 jackals
  19 kobolds
  10 quokkas
  6 frilled lizards
  16 goblins
  A jackal skeleton (D:4)
  13 rats
  A spectral orc (D:7)
290 creatures vanquished.

Vanquished Creatures (others)
  4 plants (D:1)
4 creatures vanquished.

Grand Total: 294 creatures vanquished

Notes
Turn   | Place    | Note
-------+----------+-------------------------------------------
     0 | D:1      | Zeld the Octopode Brigand began the quest for the Orb.
     0 | D:1      | Reached XP level 1. HP: 14/14 MP: 1/1
   296 | D:1      | Reached XP level 2. HP: 19/19 MP: 2/2
   324 | D:1      | Reached skill level 1 in Spellcasting
   517 | D:1      | Reached XP level 3. HP: 24/24 MP: 4/4
  2071 | D:2      | Found a hazy altar of Hepliaklqana.
  2103 | D:2      | Found a sacrificial altar of Ru.
  2497 | D:2      | Reached XP level 4. HP: 12/29 MP: 6/6
  3232 | D:2      | Reached XP level 5. HP: 34/34 MP: 8/8
  3256 | D:2      | Found a broken altar of Ashenzari.
  3524 | D:3      | Noticed Robin
  3584 | D:3      | Killed Robin
  3613 | D:3      | Found an ornate altar of the Wu Jian Council.
  3704 | D:3      | Noticed a phantom
  3707 | D:3      | Found a burning altar of Makhleb.
  4069 | D:4      | Reached skill level 5 in Throwing
  4076 | D:4      | Reached XP level 6. HP: 14/39 MP: 8/10
  4435 | D:4      | Noticed a two-headed ogre
  4448 | D:4      | Killed a two-headed ogre
  4449 | D:4      | Reached XP level 7. HP: 24/45 MP: 10/16
  4449 | D:4      | Reached XP level 8. HP: 27/50 MP: 10/17
  4657 | D:4      | Noticed Menkaure
  4664 | D:4      | Found a sacrificial altar of Ru.
  4665 | D:4      | Killed Menkaure
  4666 | D:4      | Reached skill level 3 in Short Blades
  4873 | D:5      | Entered Level 5 of the Dungeon
  4884 | D:5      | Noticed Blork the orc
  5047 | D:5      | Killed Blork the orc
  5478 | D:5      | Found a staircase to the Ecumenical Temple.
  5487 | Temple   | Entered the Ecumenical Temple
  6006 | D:3      | Reached skill level 4 in Short Blades
  6806 | D:3      | Found a stormy altar of Qazlal.
  7576 | D:5      | Found Zylyo's Weapon Shop.
  7584 | D:5      | Bought 2 atropa-tipped darts for 13 gold pieces
  7681 | D:5      | Reached skill level 5 in Short Blades
  8231 | D:5      | Reached XP level 9. HP: 24/54 MP: 19/19
  8662 | D:6      | Found Nabioc's Assorted Antiques.
  8662 | D:6      | Noticed Pikel
  8667 | D:6      | Noticed Grinder
  8759 | D:5      | Killed Pikel
  8760 | D:5      | Reached skill level 6 in Short Blades
  8935 | D:6      | Paralysed by Grinder for 6 turns
  8942 | D:6      | Killed Grinder
  8943 | D:6      | Reached skill level 7 in Short Blades
  8968 | D:6      | Bought a scroll labelled JESOCI EPOJUH for 31 gold pieces
  8968 | D:6      | Bought a scroll labelled MID COASHRESEO for 31 gold pieces
  8968 | D:6      | Bought a scroll labelled YWYENK FUMECZA for 31 gold pieces
  8968 | D:6      | Bought 2 scrolls labelled VUM QUIKAARPH for 62 gold pieces
  9437 | D:6      | Found a sparkling altar of Nemelex Xobeh.
  9455 | D:6      | Found Lazaax's Distillery.
  9461 | D:6      | Bought a potion of curing for 45 gold pieces
  9482 | D:6      | Found a runed translucent door.
  9483 | D:6      | Noticed Crazy Yiuf
 10160 | D:6      | Reached skill level 8 in Short Blades
 10409 | D:6      | Found an ancient bone altar of Kikubaaqudgha.
 10412 | D:6      | Found a blossoming altar of Fedhas.
 10485 | D:6      | Became a worshipper of Fedhas Madash
 10644 | D:6      | Killed Crazy Yiuf
 11309 | D:7      | Reached XP level 10. HP: 43/60 MP: 22/22
 11407 | D:7      | Found a basalt altar of Yredelemnul.
 11832 | D:7      | Found a snail-covered altar of Cheibriados.
 11832 | D:7      | Found a glowing silver altar of Zin.
 11833 | D:7      | Found a shimmering blue altar of Sif Muna.
 11974 | D:8      | Reached skill level 9 in Short Blades
 12659 | D:8      | Reached * piety under Fedhas
 12878 | D:8      | Noticed Psyche
 12890 | D:8      | Killed Psyche
 13343 | D:8      | Noticed a death yak
 13346 | D:8      | Noticed a death yak
 13485 | D:8      | Found a staircase to the Lair.
 13638 | D:8      | Noticed a death yak
 13705 | D:7      | Killed a death yak
 13706 | D:7      | Reached skill level 10 in Short Blades
 13807 | D:8      | Noticed Prince Ribbit
 13817 | D:8      | Killed Prince Ribbit
 13818 | D:8      | Reached skill level 1 in Invocations
 15254 | D:9      | Found a burning altar of Makhleb.
 15270 | D:9      | Reached ** piety under Fedhas
 15649 | D:6      | Bought a potion of haste for 150 gold pieces
 16383 | D:9      | Found an iron altar of Okawaru.
 16774 | D:9      | Found a staircase to the Orcish Mines.
 17652 | Orc:1    | Entered Level 1 of the Orcish Mines
 17694 | D:9      | Reached XP level 11. HP: 41/68 MP: 24/24
 18014 | D:10     | Entered Level 10 of the Dungeon
 18269 | D:10     | You fall into a shaft and drop 1 floor!
 19063 | D:11     | You fall into a shaft and drop 1 floor!
 20048 | D:10     | Noticed an unseen horror
 20071 | D:10     | Killed an unseen horror
 20072 | D:10     | Reached skill level 5 in Fighting
 20154 | D:10     | Reached skill level 5 in Invocations
 20163 | D:10     | Reached *** piety under Fedhas
 21651 | D:11     | Noticed a purple ugly thing
 23495 | D:11     | Found a bloodstained altar of Trog.
 23822 | D:11     | Killed a purple ugly thing
 23822 | D:11     | Reached **** piety under Fedhas
 23823 | D:11     | Reached skill level 1 in Evocations
 24174 | D:12     | Reached XP level 12. HP: 78/80 MP: 25/25
 24239 | D:12     | HP: 2/80 [troll (11)]
 24241 | D:11     | Slain by a troll

Illustrated notes

Levels and vault maps discovered:
D:1:      kennysheep_arrival_seaside, layout_rooms, minmay_domino_4
D:2:      layout_basic, nicolae_overflow_crystal_walls, old_standard_altar,
          serial_curves, eino_curves_02, eino_curves_04,
          minmay_misc_feat_enclosed, nicolae_ashenzari_panopticon
D:3:      layout_loops_ring, nzn_wu_jian_council_hall,
          nicolae_overflow_hidden_temple, makhleb_heckhound_becter, uniq_robin
D:4:      layout_basic, nicolae_ru_path_of_blood, uniq_menkaure
D:5:      layout_gridville, temple_pool_b, serial_shops, shop,
          uniq_blork_the_orc
D:6:      layout_cave_pools, grunt_temple_overflow_growth_and_decay,
          nemelex_xobeh_ov_fountains_minmay, serial_shops,
          kennysheep_little_box, shop_fountains, minmay_joined_circles,
          uniq_crazy_yiuf_cottage, uniq_pikel, uniq_grinder
D:7:      layout_basic, yredelemnul_forgotten_temple_becter, minitemple
D:8:      layout_loops_ring, dpeg_lair_monsters, nicolae_lava_and_water,
          minmay_bent, uniq_psyche, uniq_prince_ribbit1
D:9:      layout_layer_cave, kennysheep_mini, old_standard_altar, orc_0_dummy
D:10:     layout_roguey, serial_glass, glass_columns_a, glass_columns_c
D:11:     layout_roguey, basic_altar
D:12:     layout_roguey, serial_shops, nicolae_shop_behind_doors,
          tgw_lugonu_bribe
Temple:   jpeg_temple_island
Orc:1:    layout_caves, basic_altar

Skill      XL: |  1  2  3  4  5  6  7  8  9 10 11 |
---------------+----------------------------------+-----
Spellcasting   | 1 2 6 7 8 9 |  9.6
Throwing       | 3 4 5 6 |  6.0
Short Blades   | 5 8 10 | 10.0
Invocations    | 3 6 |  6.9
Fighting       | 3 6 |  6.5
Dodging        | 2 4 |  4.4
Stealth        | 6 8 |  8.4
Evocations     | 1 |  1.6

Action                   |  1- 3 |  4- 6 |  7- 9 | 10-12 || total
-------------------------+-------+-------+-------+-------++-------
Melee: Dagger            |    68 |    89 |   219 |   823 ||  1199
       Constrict         |    20 |    22 |    32 |    89 ||   163
       Tentacles         |     8 |    14 |    41 |   185 ||   248
Throw: Dart              |       |       |     2 |    61 ||    63
Evoke: Wand              |       |       |       |     5 ||     5
  Use: Scroll            |       |       |     1 |    19 ||    20
       Potion            |       |       |       |     5 ||     5
 Stab: Sleeping          |    11 |    10 |    21 |    19 ||    61
       Distracted        |       |     1 |     1 |     4 ||     6
Armor: Skin              |     3 |     5 |     7 |    23 ||    38
Dodge: Dodged            |    32 |    49 |    94 |   376 ||   551
